Workbook

Sheet ORÇAMENTO - OBRA
D3: UNIVERSIDADE ESTADUAL DO NORTE DO PARANÁ
D4: CNPJ: 08.885.100/0001-54 | L4: BDI | M4: =BDI!F28 -> 0.26020971
D5: OBRA : QUADRA ESPORTIVA DE AREIA DO CLM | L5: BDI REDUZIDO | M5: =BDI!F55 -> 0.16345953
D6: Local: CAMPUS DE LUIZ MENEGHEL | L6: Total S/BDI | M6: =SUM(L13,L16,L28,L34,L42,L64,L70,L79,L96,L116,L121) -> 297886.33
D7: Data do orçamento: MAIO DE 2025 | L7: Total c/BDI | M7: =SUM(M13,M16,M28,M34,M42,M64,M70,M79,M96,M116,M121) -> 373116.93
D8: SINAPI_Custo_Ref_Composicoes_Analitico_PR_202503_Desonerado
D9: RESP. TÉCNICO: LETICIA SACOMAN SAMPAIO ARQUITETA E URBANISTA CAU A132694-5
A11: ITEM | B11: RESUMO | C11: CÓDIGO | D11: DESCRIÇÃO DOS SERVIÇOS | E11: UN | G11: UNITÁRIO (SEM BDI) | J11: TOTAL (Valores sem BDI) | M11: VALOR TOTAL C/ BDI
G12: MATERIAL + EQ | H12: MÃO DE OBRA | I12: TOTAL | J12: MATERIAL | K12: MÃO DE OBRA | L12: TOTAL
A13: 1 | B13: ADMINISTRAÇÃO DA OBRA | J13: =SUM(J14) -> 115.2 | K13: =SUM(K14) -> 7204.2 | L13: =SUM(L14) -> 7319.4 | M13: =SUM(M14) -> 8515.8257
A14: 1.1 | B14: ACOMPANHAMENTO TÉCNICO | C14: 90778 | D14: ENGENHEIRO CIVIL DE OBRA PLENO COM ENCARGOS COMPLEMENTARES | E14: H | F14: 60 | G14: 1.92 | H14: 120.07 | I14: =G14+H14 -> 121.99 | J14: =G14*F14 -> 115.2 | K14: =H14*F14 -> 7204.2 | L14: =J14+K14 -> 7319.4 | M14: =L14*(1+$M$5) -> 8515.8257
A16: 2 | B16: CANTEIRO DE OBRAS | J16: =SUM(J17:J26) -> 5545.9096 | K16: =SUM(K17:K26) -> 1093.4958 | L16: =SUM(L17:L26) -> 6639.4053 | M16: =SUM(M17:M26) -> 8098.8515
A17: 2.1 | B17: PLACA DE OBRA - 3,5Mx1,5M | C17: 103689 | D17: FORNECIMENTO E INSTALAÇÃO DE PLACA DE OBRA COM CHAPA GALVANIZADA E ESTRUTURA DE MADEIRA. AF_03/2022_PS | E17: M2 | F17: =3.5*1.5 -> 5.25 | G17: 423.17 | H17: 37.35 | I17: =G17+H17 -> 460.52 | J17: =G17*F17 -> 2221.6425 | K17: =H17*F17 -> 196.0875 | L17: =J17+K17 -> 2417.73 | M17: =L17*(1+$M$4) -> 3046.8468
A18: 2.2 | B18: ANDAIME | C18: 10527 | D18: LOCACAO DE ANDAIME METALICO TUBULAR DE ENCAIXE, TIPO DE TORRE, COM LARGURA DE 1 ATE 1,5 M E ALTURA | E18: MXMES | F18: =6*4 -> 24 | G18: 28 | H18: 0 | I18: =G18+H18 -> 28 | J18: =G18*F18 -> 672 | K18: =H18*F18 -> 0 | L18: =J18+K18 -> 672 | M18: =L18*(1+$M$5) -> 781.84481
A19: 2.3 | B19: ANDAIME | C19: 97064 | D19: MONTAGEM E DESMONTAGEM DE ANDAIME TUBULAR TIPO "TORRE" (EXCLUSIVE ANDAIME E LIMPEZA). AF_03/2024 | E19: M | F19: 6 | G19: 6.85 | H19: 18.17 | I19: =G19+H19 -> 25.02 | J19: =G19*F19 -> 41.1 | K19: =H19*F19 -> 109.02 | L19: =J19+K19 -> 150.12 | M19: =L19*(1+$M$4) -> 189.18268
A20: 2.4 | B20: CANTEIRO DE OBRA | C20: 105115 | D20: INSTALAÇÃO E DESINSTALAÇÃO MECANIZADA DE CONTÊINER OU MÓDULO HABITÁVEL DE USOS DIVERSOS. AF_03/2024 | E20: UN | F20: 1 | G20: 74.46 | H20: 58.15 | I20: =G20+H20 -> 132.61 | J20: =G20*F20 -> 74.46 | K20: =H20*F20 -> 58.15 | L20: =J20+K20 -> 132.61 | M20: =L20*(1+$M$4) -> 167.11641
A21: 2.5 | B21: CANTEIRO DE OBRA | C21: 10775 INSUMO | D21: LOCACAO DE CONTAINER 2,30 X 6,00 M, ALT. 2,50 M, COM 1 SANITARIO, PARA ESCRITORIO, COMPLETO, SEM DIVISORIAS INTERNAS (NAO INCLUI MOBILIZACAO/DESMOBILIZACAO) | E21: MÊS | F21: 3 | G21: 700 | H21: 0 | I21: =G21+H21 -> 700 | J21: =G21*F21 -> 2100 | K21: =H21*F21 -> 0 | L21: =J21+K21 -> 2100 | M21: =L21*(1+$M$5) -> 2443.265
A22: 2.6 | B22: CANTEIRO DE OBRAS - ENTRADA DE ÁGUA | C22: 89402 | D22: TUBO, PVC, SOLDÁVEL, DN 25MM, INSTALADO EM RAMAL DE DISTRIBUIÇÃO DE ÁGUA - FORNECIMENTO E INSTALAÇÃO. AF_06/2022 | E22: M | F22: 23.45 | G22: 6.04 | H22: 7.17 | I22: =G22+H22 -> 13.21 | J22: =G22*F22 -> 141.638 | K22: =H22*F22 -> 168.1365 | L22: =J22+K22 -> 309.7745 | M22: =L22*(1+$M$4) -> 390.38083
A23: 2.7 | B23: CANTEIRO DE OBRAS - PONTO DE ÁGUA | C23: 86916 | D23: TORNEIRA PLÁSTICA 3/4" PARA TANQUE - FORNECIMENTO E INSTALAÇÃO. AF_01/2020 | E23: UN | F23: 1 | G23: 16.46 | H23: 4.63 | I23: =G23+H23 -> 21.09 | J23: =G23*F23 -> 16.46 | K23: =H23*F23 -> 4.63 | L23: =J23+K23 -> 21.09 | M23: =L23*(1+$M$4) -> 26.577823
A24: 2.8 | B24: CONEXÃO DE ENTRADA - NOVA LIGAÇÃO | C24: 89395 | D24: TE, PVC, SOLDÁVEL, DN 25MM, INSTALADO EM RAMAL OU SUB-RAMAL DE ÁGUA - FORNECIMENTO E INSTALAÇÃO. AF_06/2022 | E24: UN | F24: 1 | G24: 5.44 | H24: 8.39 | I24: =G24+H24 -> 13.83 | J24: =G24*F24 -> 5.44 | K24: =H24*F24 -> 8.39 | L24: =J24+K24 -> 13.83 | M24: =L24*(1+$M$4) -> 17.4287
A25: 2.9 | B25: ESCAVAÇÃO - TUBULAÇÃO DE ÁGUA | C25: 93358 | D25: ESCAVAÇÃO MANUAL DE VALA COM PROFUNDIDADE MENOR OU IGUAL A 1,30 M. AF_02/2021 | E25: M3 | F25: =F22*0.3*1 -> 7.035 | G25: 28.61 | H25: 60.75 | I25: =G25+H25 -> 89.36 | J25: =G25*F25 -> 201.27135 | K25: =H25*F25 -> 427.37625 | L25: =J25+K25 -> 628.6476 | M25: =L25*(1+$M$4) -> 792.22781
A26: 2.10 | B26: REATERRO - TUBULAÇÃO DE ÁGUA | C26: 93382 | D26: REATERRO MANUAL DE VALAS, COM COMPACTADOR DE SOLOS DE PERCUSSÃO. AF_08/2023 | E26: M3 | F26: =F25 -> 7.035 | G26: 10.22 | H26: 17.3 | I26: =G26+H26 -> 27.52 | J26: =G26*F26 -> 71.8977 | K26: =H26*F26 -> 121.7055 | L26: =J26+K26 -> 193.6032 | M26: =L26*(1+$M$4) -> 243.98063
A28: 3 | B28: SERVIÇOS PRELIMINIARES | J28: =SUM(J29:J32) -> 5390.563 | K28: =SUM(K29:K32) -> 3121.595 | L28: =SUM(L29:L32) -> 8512.158 | M28: =SUM(M29:M32) -> 10727.104
A29: 3.1 | B29: LIMPEZA VEGETAL - IMPLANTAÇÃO + 2M ARREDORES | C29: 98525 | D29: LIMPEZA MECANIZADA DE CAMADA VEGETAL (100X50M), VEGETAÇÃO E PEQUENAS ÁRVORES (DIÂMETRO DE TRONCO MENOR QUE 0,20 M), COM TRATOR DE ESTEIRAS.AF_05/2018 | E29: M2 | F29: 455.5 | G29: 0.49 | H29: 0.2 | I29: =G29+H29 -> 0.69 | J29: =G29*F29 -> 223.195 | K29: =H29*F29 -> 91.1 | L29: =J29+K29 -> 314.295 | M29: =L29*(1+$M$4) -> 396.07761
A30: 3.2 | B30: REGULARIZAÇÃO DO TERRENO - CORTE | C30: 101124 | D30: ESCAVAÇÃO HORIZONTAL, INCLUINDO CARGA E DESCARGA EM SOLO DE 1A CATEGORIA COM TRATOR DE ESTEIRAS (100HP/LÂMINA: 2,19M3). AF_07/2020 | E30: M3 | F30: =F31 -> 118.5 | G30: 13.29 | H30: 3.27 | I30: =G30+H30 -> 16.56 | J30: =G30*F30 -> 1574.865 | K30: =H30*F30 -> 387.495 | L30: =J30+K30 -> 1962.36 | M30: =L30*(1+$M$4) -> 2472.9851
A31: 3.3 | B31: REGULARIZAÇÃO DO TERRENO - REATERRO + COMPACTAÇÃO | C31: 93369 | D31: REATERRO MECANIZADO DE VALA COM ESCAVADEIRA HIDRÁULICA (CAPACIDADE DA CAÇAMBA: 0,8 M³/POTÊNCIA: 111 HP), LARGURA 1,5 A 2,5 M, PROFUNDIDADE 1,5 A 3,0 M, COM SOLO (SEM SUBSTITUIÇÃO) DE 1ª CATEGORIA, COM COMPACTADOR DE SOLOS DE PERCUSSÃO. AF_08/2023 | E31: M3 | F31: =395*0.3 -> 118.5 | G31: 12.11 | H31: 5.88 | I31: =G31+H31 -> 17.99 | J31: =G31*F31 -> 1435.035 | K31: =H31*F31 -> 696.78 | L31: =J31+K31 -> 2131.815 | M31: =L31*(1+$M$4) -> 2686.534
A32: 3.4 | B32: GABARITO OBRA | C32: 99059 | D32: LOCAÇÃO - LOCACAO CONVENCIONAL DE OBRA, UTILIZANDO GABARITO DE TÁBUAS CORRIDAS | E32: M | F32: 65.2 | G32: 33.09 | H32: 29.85 | I32: =G32+H32 -> 62.94 | J32: =G32*F32 -> 2157.468 | K32: =H32*F32 -> 1946.22 | L32: =J32+K32 -> 4103.688 | M32: =L32*(1+$M$4) -> 5171.5075
A34: 4 | B34: DRENAGEM | J34: =SUM(J35:J40) -> 20187.77 | K34: =SUM(K35:K40) -> 1497.2415 | L34: =SUM(L35:L40) -> 21685.011 | M34: =SUM(M35:M40) -> 27327.662
A35: 4.1 | B35: DRENO DA QUADRA 100MM (INCLUSO ESCAVAÇÃO) | C35: COMP.01 | D35: DRENO ESPINHA DE PEIXE (SEÇÃO (0,50 X 0,80 M), COM TUBO DE PEAD CORRUGADO PERFURADO, DN 100 MM, ENCHIMENTO COM BRITA, ENVOLVIDO COM MANTA GEOTÊXTIL, INCLUSIVE CONEXÕES. AF_07/2021 | E35: M | F35: 70 | G35: ='COMPOSIÇÕES'!H24 -> 88.503499 | H35: ='COMPOSIÇÕES'!I24 -> 6.417251 | I35: =SUM(G35:H35) -> 94.92075 | J35: =G35*F35 -> 6195.2449 | K35: =H35*F35 -> 449.20757 | L35: =I35*F35 -> 6644.4525 | M35: =L35*(1+$M$4) -> 8373.4035
A36: 4.2 | B36: DRENO DA QUADRA 160MM (INCLUSO ESCAVAÇÃO) | C36: COMP.02 | D36: DRENO ESPINHA DE PEIXE (SEÇÃO (0,50 X 0,80 M), COM TUBO DE PEAD CORRUGADO PERFURADO, DN 160 MM, ENCHIMENTO COM BRITA, ENVOLVIDO COM MANTA GEOTÊXTIL, INCLUSIVE CONEXÕES. AF_07/2021 | E36: M | F36: 80.8 | G36: ='COMPOSIÇÕES'!H37 -> 101.03097 | H36: ='COMPOSIÇÕES'!I37 -> 6.417251 | I36: =SUM(G36:H36) -> 107.44822 | J36: =G36*F36 -> 8163.3023 | K36: =H36*F36 -> 518.51388 | L36: =I36*F36 -> 8681.8162 | M36: =L36*(1+$M$4) -> 10940.909
A37: 4.3 | B37: ESCAVAÇÃO DAS CAIXAS | C37: 93358 | D37: ESCAVAÇÃO MANUAL DE VALA COM PROFUNDIDADE MENOR OU IGUAL A 1,30 M. AF_02/2021 | E37: M3 | F37: 3.48 | G37: 28.61 | H37: 60.75 | I37: =SUM(G37:H37) -> 89.36 | J37: =G37*F37 -> 99.5628 | K37: =H37*F37 -> 211.41 | L37: =I37*F37 -> 310.9728 | M37: =L37*(1+$M$4) -> 391.89094
A38: 4.4 | B38: CAIXA DE DRENAGEM 40X40 | C38: 97896 | D38: CAIXA ENTERRADA HIDRÁULICA RETANGULAR, EM CONCRETO PRÉ-MOLDADO, DIMENSÕES INTERNAS: 0,4X0,4X0,4 M. AF_12/2020 | E38: UN | F38: 6 | G38: 355.82 | H38: 6.52 | I38: =SUM(G38:H38) -> 362.34 | J38: =G38*F38 -> 2134.92 | K38: =H38*F38 -> 39.12 | L38: =I38*F38 -> 2174.04 | M38: =L38*(1+$M$4) -> 2739.7463
A39: 4.5 | B39: CAIXA DE DRENAGEM 60X60 | C39: 97897 | D39: CAIXA ENTERRADA HIDRÁULICA RETANGULAR, EM CONCRETO PRÉ-MOLDADO, DIMENSÕES INTERNAS: 0,6X0,6X0,5 M. AF_12/2020 | E39: UN | F39: 7 | G39: 457.8 | H39: 12.12 | I39: =SUM(G39:H39) -> 469.92 | J39: =G39*F39 -> 3204.6 | K39: =H39*F39 -> 84.84 | L39: =I39*F39 -> 3289.44 | M39: =L39*(1+$M$4) -> 4145.3842
A40: 4.6 | B40: DISSIPADOR | C40: 12661 ORSE | D40: DISSIPADOR DE ENERGIA - DEB 01 (PADRÃO DNIT) | E40: UN | F40: 1 | G40: 390.14 | H40: 194.15 | I40: =SUM(G40:H40) -> 584.29 | J40: =G40*F40 -> 390.14 | K40: =H40*F40 -> 194.15 | L40: =I40*F40 -> 584.29 | M40: =L40*(1+$M$4) -> 736.32793
A42: 5 | B42: FUNDAÇÕES E MURETA DE CONTENÇÃO | J42: =SUM(J43:J62) -> 31713.626 | K42: =SUM(K43:K62) -> 13917.82 | L42: =SUM(L43:L62) -> 45631.446 | M42: =SUM(M43:M62) -> 57505.191
A43: 5.1 | B43: CHUMBAMENTO DO TUBO DO ALAMBRADO (EXTRA) | C43: 101173/ ADAPTADO | D43: (ADAPTADO PARA SEM ARMADURA DE ARRANQUE) ESTACA BROCA DE CONCRETO, DIÂMETRO DE 20CM, ESCAVAÇÃO MANUAL COM TRADO CONCHA, COM ARMADURA DE ARRANQUE. AF_05/2020 | E43: M | F43: 56 | G43: 46.15 | H43: 34.61 | I43: =SUM(G43:H43) -> 80.76 | J43: =G43*F43 -> 2584.4 | K43: =H43*F43 -> 1938.16 | L43: =I43*F43 -> 4522.56 | M43: =L43*(1+$M$4) -> 5699.374
A44: 5.2 | B44: BLOCO DE FUNDAÇÃO - ESCAVAÇÃO | C44: 93358 | D44: ESCAVAÇÃO MANUAL DE VALA COM PROFUNDIDADE MENOR OU IGUAL A 1,30 M. AF_02/2021 | E44: M3 | F44: 3.85 | G44: 28.61 | H44: 60.75 | I44: =SUM(G44:H44) -> 89.36 | J44: =G44*F44 -> 110.1485 | K44: =H44*F44 -> 233.8875 | L44: =I44*F44 -> 344.036 | M44: =L44*(1+$M$4) -> 433.55751
A45: 5.3 | B45: BLOCO DE FUNDAÇÃO - LASTRO H=5CM | C45: 96624 | D45: LASTRO COM MATERIAL GRANULAR (PEDRA BRITADA N.2), APLICADO EM PISOS OU LAJES SOBRE SOLO, ESPESSURA DE *10 CM*. AF_08/2017 | E45: M3 | F45: 0.45 | G45: 342.57 | H45: 194.29 | I45: =SUM(G45:H45) -> 536.86 | J45: =G45*F45 -> 154.1565 | K45: =H45*F45 -> 87.4305 | L45: =I45*F45 -> 241.587 | M45: =L45*(1+$M$4) -> 304.45028
A46: 5.4 | B46: BLOCO DE FUNDAÇÃO - ARMAÇÃO | C46: 92762 | D46: ARMAÇÃO DE PILAR OU VIGA DE ESTRUTURA CONVENCIONAL DE CONCRETO ARMADO UTILIZANDO AÇO CA-50 DE 10,0 MM - MONTAGEM. AF_06/2022 | E46: KG | F46: 133 | G46: 12.45 | H46: 1.78 | I46: =SUM(G46:H46) -> 14.23 | J46: =G46*F46 -> 1655.85 | K46: =H46*F46 -> 236.74 | L46: =I46*F46 -> 1892.59 | M46: =L46*(1+$M$4) -> 2385.0603
A47: 5.5 | B47: BLOCO DE FUNDAÇÃO - ARMAÇÃO | C47: 92759 | D47: ARMAÇÃO DE PILAR OU VIGA DE ESTRUTURA CONVENCIONAL DE CONCRETO ARMADO UTILIZANDO AÇO CA-60 DE 5,0 MM - MONTAGEM. AF_06/2022 | E47: KG | F47: 30 | G47: 11.72 | H47: 5.48 | I47: =SUM(G47:H47) -> 17.2 | J47: =G47*F47 -> 351.6 | K47: =H47*F47 -> 164.4 | L47: =I47*F47 -> 516 | M47: =L47*(1+$M$4) -> 650.26821
A48: 5.6 | B48: BLOCO DE FUNDAÇÃO - FORMA | C48: 96542 | D48: FABRICAÇÃO, MONTAGEM E DESMONTAGEM DE FÔRMA PARA VIGA BALDRAME, EM CHAPA DE MADEIRA COMPENSADA RESINADA, E=17 MM, 4 UTILIZAÇÕES. AF_06/2017 | E48: M2 | F48: 28 | G48: 42.39 | H48: 56.82 | I48: =SUM(G48:H48) -> 99.21 | J48: =G48*F48 -> 1186.92 | K48: =H48*F48 -> 1590.96 | L48: =I48*F48 -> 2777.88 | M48: =L48*(1+$M$4) -> 3500.7113
A49: 5.7 | B49: BLOCO DE FUNDAÇÃO - CONCRETAGEM | C49: 103672 | D49: CONCRETAGEM DE PILARES, FCK = 25 MPA, COM USO DE BOMBA - LANÇAMENTO, ADENSAMENTO E ACABAMENTO. AF_02/2022_PS | E49: M3 | F49: 3.81 | G49: 1735.64 | H49: 117.09 | I49: =SUM(G49:H49) -> 1852.73 | J49: =G49*F49 -> 6612.7884 | K49: =H49*F49 -> 446.1129 | L49: =I49*F49 -> 7058.9013 | M49: =L49*(1+$M$4) -> 8895.6959
A50: 5.8 | B50: VIGA BALDRAME - ESCAVAÇÃO | C50: 93358 | D50: ESCAVAÇÃO MANUAL DE VALA COM PROFUNDIDADE MENOR OU IGUAL A 1,30 M. AF_02/2021 | E50: M3 | F50: 8.75 | G50: 28.61 | H50: 60.75 | I50: =SUM(G50:H50) -> 89.36 | J50: =G50*F50 -> 250.3375 | K50: =H50*F50 -> 531.5625 | L50: =I50*F50 -> 781.9 | M50: =L50*(1+$M$4) -> 985.35797
A51: 5.9 | B51: VIGA BALDRAME - LASTRO | C51: 96624 | D51: LASTRO COM MATERIAL GRANULAR (PEDRA BRITADA N.2), APLICADO EM PISOS OU LAJES SOBRE SOLO, ESPESSURA DE *10 CM*. AF_08/2017 | E51: M3 | F51: 0.48 | G51: 342.57 | H51: 194.29 | I51: =SUM(G51:H51) -> 536.86 | J51: =G51*F51 -> 164.4336 | K51: =H51*F51 -> 93.2592 | L51: =I51*F51 -> 257.6928 | M51: =L51*(1+$M$4) -> 324.74697
A52: 5.10 | B52: VIGA BALDRAME - ARMAÇÃO | C52: 92762 | D52: ARMAÇÃO DE PILAR OU VIGA DE ESTRUTURA CONVENCIONAL DE CONCRETO ARMADO UTILIZANDO AÇO CA-50 DE 10,0 MM - MONTAGEM. AF_06/2022 | E52: KG | F52: 167.4 | G52: 12.45 | H52: 1.78 | I52: =SUM(G52:H52) -> 14.23 | J52: =G52*F52 -> 2084.13 | K52: =H52*F52 -> 297.972 | L52: =I52*F52 -> 2382.102 | M52: =L52*(1+$M$4) -> 3001.9481
A53: 5.11 | B53: VIGA BALDRAME - ARMAÇÃO | C53: 92759 | D53: ARMAÇÃO DE PILAR OU VIGA DE ESTRUTURA CONVENCIONAL DE CONCRETO ARMADO UTILIZANDO AÇO CA-60 DE 5,0 MM - MONTAGEM. AF_06/2022 | E53: KG | F53: 52.2 | G53: 11.72 | H53: 5.48 | I53: =SUM(G53:H53) -> 17.2 | J53: =G53*F53 -> 611.784 | K53: =H53*F53 -> 286.056 | L53: =I53*F53 -> 897.84 | M53: =L53*(1+$M$4) -> 1131.4667
A54: 5.12 | B54: VIGA BALDRAME - FORMA | C54: 96542 | D54: FABRICAÇÃO, MONTAGEM E DESMONTAGEM DE FÔRMA PARA VIGA BALDRAME, EM CHAPA DE MADEIRA COMPENSADA RESINADA, E=17 MM, 4 UTILIZAÇÕES. AF_06/2017 | E54: M2 | F54: 51.7 | G54: 42.39 | H54: 56.82 | I54: =SUM(G54:H54) -> 99.21 | J54: =G54*F54 -> 2191.563 | K54: =H54*F54 -> 2937.594 | L54: =I54*F54 -> 5129.157 | M54: =L54*(1+$M$4) -> 6463.8134
... A62: 5.20 | B62: PINTURA DA MURETA | C62: 88489 | D62: PINTURA LÁTEX ACRÍLICA PREMIUM, APLICAÇÃO MANUAL EM PAREDES, DUAS DEMÃOS. AF_04/2023 | E62: M2 | F62: 61.4 | G62: 8.82 | H62: 5.61 | I62: =SUM(G62:H62) -> 14.43 | J62: =G62*F62 -> 541.548 | K62: =H62*F62 -> 344.454 | L62: =I62*F62 -> 886.002 | M62: =L62*(1+$M$4) -> 1116.5483
A64: 6 | B64: QUADRA DE AREIA | J64: =SUM(J65:J68) -> 30766.32 | K64: =SUM(K65:K68) -> 6296.88 | L64: =SUM(L65:L68) -> 37063.2 | M64: =SUM(M65:M68) -> 46707.404
A65: 6.1 | B65: CAMADA 01 - MANTA GEOTEXTIL | C65: 104515 | D65: APLICAÇÃO DE MANTA GEOTÊXTIL NAS JUNTAS RÍGIDAS DE ADUELAS PRÉ-MOLDADAS DE CONCRETO ARMADO. AF_01/2023 | E65: M2 | F65: 240 | G65: 23.93 | H65: 0.35 | I65: =SUM(G65:H65) -> 24.28 | J65: =G65*F65 -> 5743.2 | K65: =H65*F65 -> 84 | L65: =I65*F65 -> 5827.2 | M65: =L65*(1+$M$4) -> 7343.494
A66: 6.2 | B66: CAMADA 02 - BRITA 10CM | C66: 96624 | D66: LASTRO COM MATERIAL GRANULAR (PEDRA BRITADA N.2), APLICADO EM PISOS OU LAJES SOBRE SOLO, ESPESSURA DE *10 CM*. AF_08/2017 | E66: M3 | F66: 24 | G66: 342.57 | H66: 194.29 | I66: =SUM(G66:H66) -> 536.86 | J66: =G66*F66 -> 8221.68 | K66: =H66*F66 -> 4662.96 | L66: =I66*F66 -> 12884.64 | M66: =L66*(1+$M$4) -> 16237.348
A67: 6.3 | B67: CAMADA 03 - MANTA GEOTEXTIL | C67: 104515 | D67: APLICAÇÃO DE MANTA GEOTÊXTIL NAS JUNTAS RÍGIDAS DE ADUELAS PRÉ-MOLDADAS DE CONCRETO ARMADO. AF_01/2023 | E67: M2 | F67: 240 | G67: 23.93 | H67: 0.35 | I67: =SUM(G67:H67) -> 24.28 | J67: =G67*F67 -> 5743.2 | K67: =H67*F67 -> 84 | L67: =I67*F67 -> 5827.2 | M67: =L67*(1+$M$4) -> 7343.494
A68: 6.4 | B68: CAMADA 04 - AREIA FINA, H=40CM | C68: 03212/ORSE | D68: COLCHÃO DE AREIA | E68: M3 | F68: 96 | G68: 115.19 | H68: 15.27 | I68: =SUM(G68:H68) -> 130.46 | J68: =G68*F68 -> 11058.24 | K68: =H68*F68 -> 1465.92 | L68: =I68*F68 -> 12524.16 | M68: =L68*(1+$M$4) -> 15783.068
A70: 7 | B70: FECHAMENTO DA QUADRA | J70: =SUM(J71:J77) -> 86849.058 | K70: =SUM(K71:K77) -> 22161.557 | L70: =SUM(L71:L77) -> 109010.61 | M70: =SUM(M71:M77) -> 137376.23
A71: 7.1 | B71: ALAMBRADO 7M - MALHA + TUBOS | C71: 102362 | D71: ALAMBRADO PARA QUADRA POLIESPORTIVA, ESTRUTURADO POR TUBOS DE ACO GALVANIZADO, (MONTANTES COM DIAMETRO 2", TRAVESSAS E ESCORAS COM DIÂMETRO 1 ¼_x0094_), COM TELA DE ARAME GALVANIZADO, FIO 14 BWG E MALHA QUADRADA 5X5CM (EXCETO MURETA). AF_03/2021 | E71: M2 | F71: 452 | G71: 133.18 | H71: 43.71 | I71: =SUM(G71:H71) -> 176.89 | J71: =G71*F71 -> 60197.36 | K71: =H71*F71 -> 19756.92 | L71: =I71*F71 -> 79954.28 | M71: =L71*(1+$M$4) -> 100759.16
A72: 7.2 | B72: TUBO EXTRA - CHUBAMENTO NO PISO | C72: 21013 | D72: TUBO ACO GALVANIZADO COM COSTURA, CLASSE LEVE, DN 50 MM (2"), E = 3,00MM, *4,40* KG/M (NBR 5580) | E72: M | F72: 42 | G72: 74.42 | H72: 0 | I72: =SUM(G72:H72) -> 74.42 | J72: =G72*F72 -> 3125.64 | K72: =H72*F72 -> 0 | L72: =I72*F72 -> 3125.64 | M72: =L72*(1+$M$4) -> 3938.9619
A73: 7.3 | B73: TRAVAMENTO EXTRA DO ALAMBRADO | C73: 7698 | D73: TUBO ACO GALVANIZADO COM COSTURA, CLASSE MEDIA, DN 1.1/4", E = *3,25* MM, PESO *3,14* KG/M (NBR 5580) | E73: M | F73: 188.45 | G73: 49.14 | H73: 0 | I73: =SUM(G73:H73) -> 49.14 | J73: =G73*F73 -> 9260.433 | K73: =H73*F73 -> 0 | L73: =I73*F73 -> 9260.433 | M73: =L73*(1+$M$4) -> 11670.088
A74: 7.4 | B74: TRAVAMENTO DO ALAMBRADO - TETO | C74: 7698 | D74: TUBO ACO GALVANIZADO COM COSTURA, CLASSE MEDIA, DN 1.1/4", E = *3,25* MM, PESO *3,14* KG/M (NBR 5580) | E74: M | F74: 39.75 | G74: 49.14 | H74: 0 | I74: =SUM(G74:H74) -> 49.14 | J74: =G74*F74 -> 1953.315 | K74: =H74*F74 -> 0 | L74: =I74*F74 -> 1953.315 | M74: =L74*(1+$M$4) -> 2461.5865
A75: 7.5 | B75: CABO P/ FECHAMENTO SUPERIOR | C75: 13960 ORSE | D75: CABO DE AÇO 1/8" - SEM REVESTIMENTO (ROLO C/100 METROS) | E75: UN | F75: 1 | G75: 292.61 | H75: 0 | I75: =SUM(G75:H75) -> 292.61 | J75: =G75*F75 -> 292.61 | K75: =H75*F75 -> 0 | L75: =I75*F75 -> 292.61 | M75: =L75*(1+$M$4) -> 368.74996
A76: 7.6 | B76: TELA - FECHAMENTO SUPERIOR | C76: COMP. 03 | D76: FECHAMENTO SUPERIOR COM TELA DE NYLON, FIO 30-36 (3,6mm), MALHA 10X10CM | E76: M2 | F76: 249.7 | G76: ='COMPOSIÇÕES'!H46 -> 33.5868 | H76: ='COMPOSIÇÕES'!I46 -> 8.7348 | I76: =SUM(G76:H76) -> 42.3216 | J76: =G76*F76 -> 8386.624 | K76: =H76*F76 -> 2181.0796 | L76: =I76*F76 -> 10567.704 | M76: =L76*(1+$M$4) -> 13317.523
A77: 7.7 | B77: PORTÃO DE ACESSO - 2UN (1,4X2,1m) | C77: 08900 ORSE | D77: PORTÃO DE FERRO DE ABRIR COM UMA FOLHA, COM BARRA QUADRADA DE 1/2" NA VERTICAL, UMA BARRA DE QUADRADA DE 1/2" NA HORIZONTAL E QUADRO COM BARRA DE FERRO DE 1/2", INCLUSIVE DOBRADIÇAS, FERROLHOS E CHUMBADORES COM PARAFUSOS | E77: M2 | F77: 5.88 | G77: 617.87 | H77: 38.02 | I77: =SUM(G77:H77) -> 655.89 | J77: =G77*F77 -> 3633.0756 | K77: =H77*F77 -> 223.5576 | L77: =I77*F77 -> 3856.6332 | M77: =L77*(1+$M$4) -> 4860.1666
A79: 8 | B79: INSTALAÇÕES ELÉTRICAS | J79: =SUM(J80:J94) -> 21014.396 | K79: =SUM(K80:K94) -> 4856.3238 | L79: =SUM(L80:L94) -> 25870.72 | M79: =SUM(M80:M94) -> 31519.921
A80: 8.1 | B80: CAIXA DE PASSAGEM ENTERRADA | C80: 97881 | D80: CAIXA ENTERRADA ELÉTRICA RETANGULAR, EM CONCRETO PRÉ-MOLDADO, FUNDO COM BRITA, DIMENSÕES INTERNAS: 0,3X0,3X0,3 M. AF_12/2020 | E80: UN | F80: 8 | G80: 131.71 | H80: 28.48 | I80: =SUM(G80:H80) -> 160.19 | J80: =G80*F80 -> 1053.68 | K80: =H80*F80 -> 227.84 | L80: =I80*F80 -> 1281.52 | M80: =L80*(1+$M$4) -> 1614.9839
A81: 8.2 | B81: ESCAVAÇÃO DE VALAS PARA TUBULAÇÃO | C81: 93358 | D81: ESCAVAÇÃO MANUAL DE VALA COM PROFUNDIDADE MENOR OU IGUAL A 1,30 M. AF_02/2021 | E81: M3 | F81: =F82*0.3 -> 27.78 | G81: 28.61 | H81: 60.75 | I81: =SUM(G81:H81) -> 89.36 | J81: =G81*F81 -> 794.7858 | K81: =H81*F81 -> 1687.635 | L81: =I81*F81 -> 2482.4208 | M81: =L81*(1+$M$4) -> 3128.3708
A82: 8.3 | B82: TUBULAÇÃO ENTERRADA | C82: 97667 | D82: ELETRODUTO FLEXÍVEL CORRUGADO, PEAD, DN 50 (1 1/2"), PARA REDE ENTERRADA DE DISTRIBUIÇÃO DE ENERGIA ELÉTRICA - FORNECIMENTO E INSTALAÇÃO. AF_12/2021 | E82: M | F82: 92.6 | G82: 5.75 | H82: 2.45 | I82: =SUM(G82:H82) -> 8.2 | J82: =G82*F82 -> 532.45 | K82: =H82*F82 -> 226.87 | L82: =I82*F82 -> 759.32 | M82: =L82*(1+$M$4) -> 956.90244
A83: 8.4 | B83: RECOMPOSIÇÃO DO SOLO | C83: 94319 | D83: ATERRO MANUAL DE VALAS COM SOLO ARGILO-ARENOSO E COMPACTAÇÃO MECANIZADA. AF_05/2016 | E83: M3 | F83: =F81 -> 27.78 | G83: 61.89 | H83: 19.46 | I83: =SUM(G83:H83) -> 81.35 | J83: =G83*F83 -> 1719.3042 | K83: =H83*F83 -> 540.5988 | L83: =I83*F83 -> 2259.903 | M83: =L83*(1+$M$4) -> 2847.9517
A84: 8.5 | B84: ELETRODUTO RÍGIDO | C84: 91871 | D84: ELETRODUTO RÍGIDO ROSCÁVEL, PVC, DN 25 MM (3/4"), PARA CIRCUITOS TERMINAIS, INSTALADO EM PAREDE - FORNECIMENTO E INSTALAÇÃO. AF_03/2023 | E84: M | F84: 42 | G84: 8.78 | H84: 7.07 | I84: =SUM(G84:H84) -> 15.85 | J84: =G84*F84 -> 368.76 | K84: =H84*F84 -> 296.94 | L84: =I84*F84 -> 665.7 | M84: =L84*(1+$M$4) -> 838.9216
A85: 8.6 | B85: ELETRODUTO RÍGIDO - ABRAÇADEIRAS | C85: 91173 | D85: FIXAÇÃO DE TUBOS VERTICAIS DE PPR DIÂMETROS MENORES OU IGUAIS A 40 MM COM ABRAÇADEIRA METÁLICA RÍGIDA TIPO D 1/2", FIXADA EM PERFILADO EM ALVENARIA. AF_05/2015 | E85: M | F85: 42 | G85: 2.01 | H85: 2.18 | I85: =SUM(G85:H85) -> 4.19 | J85: =G85*F85 -> 84.42 | K85: =H85*F85 -> 91.56 | L85: =I85*F85 -> 175.98 | M85: =L85*(1+$M$4) -> 221.7717
A86: 8.7 | B86: ELETRODUTO RÍGIDO - CURVA 180 GRAUS | C86: 91892 | D86: CURVA 180 GRAUS PARA ELETRODUTO, PVC, ROSCÁVEL, DN 25 MM (3/4"), PARA CIRCUITOS TERMINAIS, INSTALADA EM FORRO - FORNECIMENTO E INSTALAÇÃO. AF_03/2023 | E86: UN | F86: 6 | G86: 7.84 | H86: 6.93 | I86: =SUM(G86:H86) -> 14.77 | J86: =G86*F86 -> 47.04 | K86: =H86*F86 -> 41.58 | L86: =I86*F86 -> 88.62 | M86: =L86*(1+$M$4) -> 111.67978
A87: 8.8 | B87: CAIXA DE PASSAGEM SOBREPOR | C87: 100556 | D87: CAIXA DE PASSAGEM PARA TELEFONE 15X15X10CM (SOBREPOR), FORNECIMENTO E INSTALACAO. AF_11/2019 | E87: UN | F87: 1 | G87: 23.23 | H87: 15.18 | I87: =SUM(G87:H87) -> 38.41 | J87: =G87*F87 -> 23.23 | K87: =H87*F87 -> 15.18 | L87: =I87*F87 -> 38.41 | M87: =L87*(1+$M$4) -> 48.404655
A88: 8.9 | B88: DISJUNTOR | C88: 93655 | D88: DISJUNTOR MONOPOLAR TIPO DIN, CORRENTE NOMINAL DE 20A - FORNECIMENTO E INSTALAÇÃO. AF_10/2020 | E88: UN | F88: 1 | G88: 11.35 | H88: 2.96 | I88: =SUM(G88:H88) -> 14.31 | J88: =G88*F88 -> 11.35 | K88: =H88*F88 -> 2.96 | L88: =I88*F88 -> 14.31 | M88: =L88*(1+$M$4) -> 18.033601
A89: 8.10 | B89: POSTE | C89: 7862 ORSE | D89: POSTE CONCRETO DUPLO T (DT) 9/150 | E89: UN | F89: 6 | G89: 895.99 | H89: 0 | I89: =SUM(G89:H89) -> 895.99 | J89: =G89*F89 -> 5375.94 | K89: =H89*F89 -> 0 | L89: =I89*F89 -> 5375.94 | M89: =L89*(1+$M$5) -> 6254.6886
A90: 8.11 | B90: POSTE - INSTALAÇÃO | C90: 100578 | D90: ASSENTAMENTO DE POSTE DE CONCRETO COM COMPRIMENTO NOMINAL DE 9 M, CARGA NOMINAL MENOR OU IGUAL A 1000 DAN, ENGASTAMENTO SIMPLES COM 1,5 M DE SOLO (NÃO INCLUI FORNECIMENTO). AF_11/2019 | E90: UN | F90: 6 | G90: 427.89 | H90: 149.4 | I90: =SUM(G90:H90) -> 577.29 | J90: =G90*F90 -> 2567.34 | K90: =H90*F90 -> 896.4 | L90: =I90*F90 -> 3463.74 | M90: =L90*(1+$M$4) -> 4365.0388
A91: 8.12 | B91: ÂNCORA | C91: 98463 | D91: SUPORTE ISOLADOR PARA CORDOALHA DE COBRE - FORNECIMENTO E INSTALAÇÃO. AF_12/2017 | E91: UN | F91: 6 | G91: 13.48 | H91: 13 | I91: =SUM(G91:H91) -> 26.48 | J91: =G91*F91 -> 80.88 | K91: =H91*F91 -> 78 | L91: =I91*F91 -> 158.88 | M91: =L91*(1+$M$4) -> 200.22212
A92: 8.13 | B92: RELE | C92: 101632 | D92: RELÉ FOTOELÉTRICO PARA COMANDO DE ILUMINAÇÃO EXTERNA 1000 W - FORNECIMENTO E INSTALAÇÃO. AF_08/2020 | E92: UN | F92: 1 | G92: 35.64 | H92: 0.7 | I92: =SUM(G92:H92) -> 36.34 | J92: =G92*F92 -> 35.64 | K92: =H92*F92 -> 0.7 | L92: =I92*F92 -> 36.34 | M92: =L92*(1+$M$4) -> 45.796021
A93: 8.14 | B93: ILUMINAÇÃO - FORNECIMENTO E INSTALAÇÃO | C93: 13793 ORSE | D93: REFLETOR SLIM LED 500W DE POTÊNCIA, BRANCO FRIO, 6500K, AUTOVOLT, MARCA G-LIGHT OU SIMILAR | E93: UN | F93: 6 | G93: 968.97 | H93: 0 | I93: =SUM(G93:H93) -> 968.97 | J93: =G93*F93 -> 5813.82 | K93: =H93*F93 -> 0 | L93: =I93*F93 -> 5813.82 | M93: =L93*(1+$M$5) -> 6764.1443
A94: 8.15 | B94: CABEAMENTO | C94: 91931 | D94: CABO DE COBRE FLEXÍVEL ISOLADO, 6 MM², ANTI-CHAMA 0,6/1,0 KV, PARA CIRCUITOS TERMINAIS - FORNECIMENTO E INSTALAÇÃO. AF_03/2023 | E94: M | F94: =F82*3 -> 277.8 | G94: 9.02 | H94: 2.7 | I94: =SUM(G94:H94) -> 11.72 | J94: =G94*F94 -> 2505.756 | K94: =H94*F94 -> 750.06 | L94: =I94*F94 -> 3255.816 | M94: =L94*(1+$M$4) -> 4103.0109
A96: 9 | B96: ÁREA EXTERNA - CALÇADA/RAMPA | J96: =SUM(J97:J114) -> 26116.495 | K96: =SUM(K97:K114) -> 6283.8133 | L96: =SUM(L97:L114) -> 32400.308 | M96: =SUM(M97:M114) -> 40831.183
A97: 9.1 | B97: LONA PARA BASE - CALÇADA + RAMPA | C97: 97113 | D97: APLICAÇÃO DE LONA PLÁSTICA PARA EXECUÇÃO DE PAVIMENTOS DE CONCRETO. AF_04/2022 | E97: M2 | F97: 167.075 | G97: 2.44 | H97: 0.27 | I97: =SUM(G97:H97) -> 2.71 | J97: =G97*F97 -> 407.663 | K97: =H97*F97 -> 45.11025 | L97: =I97*F97 -> 452.77325 | M97: =L97*(1+$M$4) -> 570.58925
A98: 9.2 | B98: CALÇADA - H=6CM (PERIMETRO DA QUADRA E LIGAÇÃO COM A ACADEMIA) | C98: 104626 | D98: EXECUÇÃO DE PASSEIO (CALÇADA) OU PISO DE CONCRETO COM CONCRETO MOLDADO IN LOCO, USINADO C25, ACABAMENTO CONVENCIONAL, NÃO ARMADO. AF_03/2023 | E98: M3 | F98: 9.49 | G98: 1745.32 | H98: 232.83 | I98: =SUM(G98:H98) -> 1978.15 | J98: =G98*F98 -> 16563.087 | K98: =H98*F98 -> 2209.5567 | L98: =I98*F98 -> 18772.643 | M98: =L98*(1+$M$4) -> 23657.468
A99: 9.3 | B99: CONTENÇÃO - VIGA BALDRAME + ALVENARIA | C99: 96527 | D99: ESCAVAÇÃO MANUAL DE VALA PARA VIGA BALDRAME (INCLUINDO ESCAVAÇÃO PARA COLOCAÇÃO DE FÔRMAS). AF_06/2017 | E99: M3 | F99: 2.3 | G99: 32.79 | H99: 75.93 | I99: =SUM(G99:H99) -> 108.72 | J99: =G99*F99 -> 75.417 | K99: =H99*F99 -> 174.639 | L99: =I99*F99 -> 250.056 | M99: =L99*(1+$M$4) -> 315.123
A100: 9.4 | B100: CONTENÇÃO - VIGA BALDRAME + ALVENARIA | C100: 92419 | D100: MONTAGEM E DESMONTAGEM DE FÔRMA DE PILARES RETANGULARES E ESTRUTURAS SIMILARES, PÉ-DIREITO SIMPLES, EM CHAPA DE MADEIRA COMPENSADA RESINADA, 4 UTILIZAÇÕES. AF_09/2020 | E100: M2 | F100: 12.3 | G100: 58.55 | H100: 38.09 | I100: =SUM(G100:H100) -> 96.64 | J100: =G100*F100 -> 720.165 | K100: =H100*F100 -> 468.507 | L100: =I100*F100 -> 1188.672 | M100: =L100*(1+$M$4) -> 1497.976
A101: 9.5 | B101: CONTENÇÃO - VIGA BALDRAME + ALVENARIA | C101: 92762 | D101: ARMAÇÃO DE PILAR OU VIGA DE ESTRUTURA CONVENCIONAL DE CONCRETO ARMADO UTILIZANDO AÇO CA-50 DE 10,0 MM - MONTAGEM. AF_06/2022 | E101: KG | F101: 38 | G101: 12.45 | H101: 1.78 | I101: =SUM(G101:H101) -> 14.23 | J101: =G101*F101 -> 473.1 | K101: =H101*F101 -> 67.64 | L101: =I101*F101 -> 540.74 | M101: =L101*(1+$M$4) -> 681.4458
A102: 9.6 | B102: CONTENÇÃO - VIGA BALDRAME + ALVENARIA | C102: 92759 | D102: ARMAÇÃO DE PILAR OU VIGA DE ESTRUTURA CONVENCIONAL DE CONCRETO ARMADO UTILIZANDO AÇO CA-60 DE 5,0 MM - MONTAGEM. AF_06/2022 | E102: KG | F102: 12 | G102: 11.72 | H102: 5.48 | I102: =SUM(G102:H102) -> 17.2 | J102: =G102*F102 -> 140.64 | K102: =H102*F102 -> 65.76 | L102: =I102*F102 -> 206.4 | M102: =L102*(1+$M$4) -> 260.10728
A103: 9.7 | B103: CONTENÇÃO - VIGA BALDRAME + ALVENARIA | C103: 94971 | D103: CONCRETO FCK = 25MPA, TRAÇO 1:2,3:2,7 (EM MASSA SECA DE CIMENTO/ AREIA MÉDIA/ BRITA 1) - PREPARO MECÂNICO COM BETONEIRA 600 L. AF_05/2021 | E103: M3 | F103: 0.93 | G103: 738.62 | H103: 123.75 | I103: =SUM(G103:H103) -> 862.37 | J103: =G103*F103 -> 686.9166 | K103: =H103*F103 -> 115.0875 | L103: =I103*F103 -> 802.0041 | M103: =L103*(1+$M$4) -> 1010.6934
A104: 9.8 | B104: CONTENÇÃO - VIGA BALDRAME + ALVENARIA | C104: 103328 | D104: ALVENARIA DE VEDAÇÃO DE BLOCOS CERÂMICOS FURADOS NA HORIZONTAL DE 9X19X19 CM (ESPESSURA 9 CM) E ARGAMASSA DE ASSENTAMENTO COM PREPARO EM BETONEIRA. AF_12/2021 | E104: M2 | F104: 4.62 | G104: 43.07 | H104: 52.25 | I104: =SUM(G104:H104) -> 95.32 | J104: =G104*F104 -> 198.9834 | K104: =H104*F104 -> 241.395 | L104: =I104*F104 -> 440.3784 | M104: =L104*(1+$M$4) -> 554.96913
A105: 9.9 | B105: CONTENÇÃO - VIGA BALDRAME + ALVENARIA | C105: 87881 | D105: CHAPISCO APLICADO NO TETO OU EM ALVENARIA E ESTRUTURA, COM ROLO PARA TEXTURA ACRÍLICA. ARGAMASSA TRAÇO 1:4 E EMULSÃO POLIMÉRICA (ADESIVO) COM PREPARO MANUAL. AF_10/2022 | E105: M2 | F105: 10 | G105: 6.32 | H105: 1.85 | I105: =SUM(G105:H105) -> 8.17 | J105: =G105*F105 -> 63.2 | K105: =H105*F105 -> 18.5 | L105: =I105*F105 -> 81.7 | M105: =L105*(1+$M$4) -> 102.95913
A106: 9.10 | B106: CONTENÇÃO - VIGA BALDRAME + ALVENARIA | C106: 87529 | D106: MASSA ÚNICA, PARA RECEBIMENTO DE PINTURA, EM ARGAMASSA TRAÇO 1:2:8, PREPARO MECÂNICO COM BETONEIRA 400L, APLICADA MANUALMENTE EM FACES INTERNAS DE PAREDES, ESPESSURA DE 20MM, COM EXECUÇÃO DE TALISCAS. AF_06/2014 | E106: M2 | F106: 10 | G106: 22.23 | H106: 22.84 | I106: =SUM(G106:H106) -> 45.07 | J106: =G106*F106 -> 222.3 | K106: =H106*F106 -> 228.4 | L106: =I106*F106 -> 450.7 | M106: =L106*(1+$M$4) -> 567.97652
A107: 9.11 | B107: CONTENÇÃO - VIGA BALDRAME + ALVENARIA | C107: 98557 | D107: IMPERMEABILIZAÇÃO DE SUPERFÍCIE COM EMULSÃO ASFÁLTICA, 2 DEMÃOS AF_06/2018 | E107: M2 | F107: 10.8 | G107: 36.65 | H107: 14.62 | I107: =SUM(G107:H107) -> 51.27 | J107: =G107*F107 -> 395.82 | K107: =H107*F107 -> 157.896 | L107: =I107*F107 -> 553.716 | M107: =L107*(1+$M$4) -> 697.79828
A108: 9.12 | B108: CONTENÇÃO - VIGA BALDRAME + ALVENARIA | C108: 94319 | D108: ATERRO MANUAL DE VALAS COM SOLO ARGILO-ARENOSO. AF_08/2023 | E108: M3 | F108: 5.4 | G108: 61.89 | H108: 19.46 | I108: =SUM(G108:H108) -> 81.35 | J108: =G108*F108 -> 334.206 | K108: =H108*F108 -> 105.084 | L108: =I108*F108 -> 439.29 | M108: =L108*(1+$M$4) -> 553.59752
... A110: 9.14 | B110: CONTENÇÃO - VIGA BALDRAME + ALVENARIA | C110: 88485 | D110: FUNDO SELADOR ACRÍLICO, APLICAÇÃO MANUAL EM PAREDE, UMA DEMÃO. AF_04/2023 | E110: M2 | F110: 12.5 | G110: 2.28 | H110: 2.12 | I110: =SUM(G110:H110) -> 4.4 | J110: =G110*F110 -> 28.5 | K110: =H110*F110 -> 26.5 | L110: =I110*F110 -> 55 | M110: =L110*(1+$M$4) -> 69.311534
A111: 9.15 | B111: CONTENÇÃO - VIGA BALDRAME + ALVENARIA | C111: 88489 | D111: PINTURA LÁTEX ACRÍLICA PREMIUM, APLICAÇÃO MANUAL EM PAREDES, DUAS DEMÃOS. AF_04/2023 | E111: M2 | F111: =F110 -> 12.5 | G111: 8.82 | H111: 5.61 | I111: =SUM(G111:H111) -> 14.43 | J111: =G111*F111 -> 110.25 | K111: =H111*F111 -> 70.125 | L111: =I111*F111 -> 180.375 | M111: =L111*(1+$M$4) -> 227.31033
A112: 9.16 | B112: RAMPA + PATAMAR | C112: 94992 | D112: EXECUÇÃO DE PASSEIO (CALÇADA) OU PISO DE CONCRETO COM CONCRETO MOLDADO IN LOCO, FEITO EM OBRA, ACABAMENTO CONVENCIONAL, ESPESSURA 6 CM, ARMADO. AF_08/2022 | E112: M2 | F112: 15.4 | G112: 79.92 | H112: 21.88 | I112: =SUM(G112:H112) -> 101.8 | J112: =G112*F112 -> 1230.768 | K112: =H112*F112 -> 336.952 | L112: =I112*F112 -> 1567.72 | M112: =L112*(1+$M$4) -> 1975.656
A113: 9.17 | B113: GUARDA CORPO FIXADO NA BASE + CORRIMÃO EM DUAS ALTURAS | C113: 11985 ORSE | D113: GUARDA-CORPO H = 1,10M E CORRIMÃO EM TUBO FERRO GALVANIZADO, BARRAS SUPERIORES ALT=0,92M E 0,70M E BARRA INFERIOR, DIAM= 1.1/2", BARRAS VERTICAIS D=3/4" A CADA 0,11M, CURVAS DE AÇO CARBONO. REV 02 | E113: M | F113: 20.4 | G113: 150.29 | H113: 33.3 | I113: =SUM(G113:H113) -> 183.59 | J113: =G113*F113 -> 3065.916 | K113: =H113*F113 -> 679.32 | L113: =I113*F113 -> 3745.236 | M113: =L113*(1+$M$4) -> 4719.7828
A114: 9.18 | B114: FUNDO + PINTURA - GUARDA-CORPO E CORRIMÃO - 2 DEMÃOS | C114: 100725 | D114: PINTURA COM TINTA ALQUÍDICA DE FUNDO E ACABAMENTO (ESMALTE SINTÉTICO GRAFITE) PULVERIZADA SOBRE SUPERFÍCIES METÁLICAS (EXCETO PERFIL) EXECUTADO EM OBRA (POR DEMÃO). AF_01/2020_PE | E114: M2 | F114: =((F113*4)*1.1) -> 89.76 | G114: 15.37 | H114: 13.73 | I114: =SUM(G114:H114) -> 29.1 | J114: =G114*F114 -> 1379.6112 | K114: =H114*F114 -> 1232.4048 | L114: =I114*F114 -> 2612.016 | M114: =L114*(1+$M$4) -> 3291.6879
A116: 10 | B116: ACESSÓRIOS ESPORTIVOS | J116: =SUM(J117:J119) -> 2321.07 | K116: =SUM(K117:K119) -> 14.64 | L116: =SUM(L117:L119) -> 2335.71 | M116: =SUM(M117:M119) -> 2720.1183
A117: 10.1 | B117: CONJUNTO PARA QUADRA DE VOLEI | C117: 25399 | D117: CONJUNTO PARA QUADRA DE VOLEI COM POSTES EM TUBO DE ACO GALVANIZADO 3", H = *255* CM, PINTURA EM TINTA ESMALTE SINTETICO, REDE DE NYLON COM 2 MM, MALHA 10 X 10 CM E ANTENAS OFICIAIS EM FIBRA DE VIDRO | E117: PAR | F117: 1 | G117: 2308.69 | H117: 0 | I117: =G117+H117 -> 2308.69 | J117: =G117*F117 -> 2308.69 | K117: =H117*F117 -> 0 | L117: =J117+K117 -> 2308.69 | M117: =L117*(1+$M$5) -> 2686.0674
A118: 10.2 | B118: ESPERA DO POSTE | C118: 89402 | D118: TUBO, PVC, SOLDÁVEL, DN 25MM, INSTALADO EM RAMAL DE DISTRIBUIÇÃO DE ÁGUA - FORNECIMENTO E INSTALAÇÃO. AF_06/2022 | E118: M | F118: 1 | G118: 6.04 | H118: 7.17 | I118: =G118+H118 -> 13.21 | J118: =G118*F118 -> 6.04 | K118: =H118*F118 -> 7.17 | L118: =J118+K118 -> 13.21 | M118: =L118*(1+$M$4) -> 16.64737
A119: 10.3 | B119: ESPERA DO POSTE | C119: 90469 | D119: CHUMBAMENTO LINEAR EM CONTRAPISO PARA RAMAIS/DISTRIBUIÇÃO DE INSTALAÇÕES HIDRÁULICAS COM DIÂMETROS MAIORES QUE 40 MM E MENORES OU IGUAIS A 75 MM. AF_09/2023 | E119: M | F119: 1 | G119: 6.34 | H119: 7.47 | I119: =G119+H119 -> 13.81 | J119: =G119*F119 -> 6.34 | K119: =H119*F119 -> 7.47 | L119: =J119+K119 -> 13.81 | M119: =L119*(1+$M$4) -> 17.403496
A121: 11 | B121: FINALIZAÇÕES | J121: =SUM(J122:J124) -> 558.9 | K121: =SUM(K122:K124) -> 859.46 | L121: =SUM(L122:L124) -> 1418.36 | M121: =SUM(M122:M124) -> 1787.431
...

Sheet COMPOSIÇÕES
D3: UNIVERSIDADE ESTADUAL DO NORTE DO PARANÁ
D4: CNPJ: 08.885.100/0001-54
D5: OBRA : QUADRA ESPORTIVA DE AREIA DO CLM
D6: Local: CAMPUS DE LUIZ MENEGHEL
D7: Data do orçamento: MAIO DE 2025
D8: SINAPI_Custo_Ref_Composicoes_Analitico_PR_202503_Desonerado
D9: RESP. TÉCNICO: LETICIA SACOMAN SAMPAIO ARQUITETA E URBANISTA CAU A132694-5
A11: COMPOSIÇÕES UENP
A13: COMP.01 | B13: DRENO ESPINHA DE PEIXE (SEÇÃO 0,50 X 0,80 M), COM TUBO DE PEAD CORRUGADO PERFURADO, DN 100 MM, ENCHIMENTO COM BRITA, ENVOLVIDO COM MANTA GEOTÊXTIL, INCLUSIVE CONEXÕES. AF_07/2021 | C13: M
A14: CÓDIGO | B14: ITEM | C14: UN | D14: QNT. | E14: MAT. + EQUIP. | F14: MÃO DE OBRA | G14: VALOR UNITÁRIO | H14: MAT. + EQUIP. | I14: MÃO DE OBRA | J14: VALOR TOTAL
A15: 90106 | B15: ESCAVAÇÃO MECANIZADA DE VALA COM PROFUNDIDADE ATÉ 1,5 M (MÉDIA MONTANTE E JUSANTE/UMA COMPOSIÇÃO POR TRECHO), RETROESCAV. (0,26 M3), LARGURA DE 0,8 M A 1,5 M, EM SOLO DE 1A CATEGORIA, LOCAIS COM BAIXO NÍVEL DE INTERFERÊNCIA. AF_09/2024 | C15: M3 | D15: 0.4 | E15: 5.82 | F15: 2.84 | G15: =E15+F15 -> 8.66 | H15: =E15*D15 -> 2.328 | I15: =F15*D15 -> 1.136 | J15: =G15*D15 -> 3.464
A16: 88316 | B16: SERVENTE COM ENCARGOS COMPLEMENTARES | C16: H | D16: 0.2332 | E16: 7.23 | F16: 15.36 | G16: =E16+F16 -> 22.59 | H16: =E16*D16 -> 1.686036 | I16: =F16*D16 -> 3.581952 | J16: =G16*D16 -> 5.267988
A17: 88309 | B17: PEDREIRO COM ENCARGOS COMPLEMENTARES | C17: H | D17: 0.0777 | E17: 7.34 | F17: 21.87 | G17: =E17+F17 -> 29.21 | H17: =E17*D17 -> 0.570318 | I17: =F17*D17 -> 1.699299 | J17: =G17*D17 -> 2.269617
A18: 38052 | B18: TUBO DRENO, CORRUGADO, ESPIRALADO, FLEXIVEL, PERFURADO, EM POLIETILENO DE ALTA DENSIDADE (PEAD), DN 100 MM, (4") PARA DRENAGEM - EM ROLO (NORMA DNIT 093/2006 - E.M) DE ALTA DENSIDADE (PEAD), DN *160* MM, (6") PARA DRENAGEM - EM BARRA (NORMA DNIT 093/2006 - EM) | C18: M | D18: 1.003 | E18: 11.72 | F18: 0 | G18: =E18+F18 -> 11.72 | H18: =E18*D18 -> 11.75516 | I18: =F18*D18 -> 0 | J18: =G18*D18 -> 11.75516
A19: 5679 | B19: RETROESCAVADEIRA SOBRE RODAS COM CARREGADEIRA, TRAÇÃO 4X4, POTÊNCIA LÍQ. 88 HP, CAÇAMBA CARREG. CAP. MÍN. 1 M3, CAÇAMBA RETRO CAP. 0,26 M3, PESO OPERACIONAL MÍN. 6.674 KG, PROFUNDIDADE ESCAVAÇÃO MÁX. 4,37 M - CHI DIURNO. AF_06/2014 | C19: CHI | D19: 0.1383 | E19: 40.18 | F19: 0 | G19: =E19+F19 -> 40.18 | H19: =E19*D19 -> 5.556894 | I19: =F19*D19 -> 0 | J19: =G19*D19 -> 5.556894
A20: 5678 | B20: RETROESCAVADEIRA SOBRE RODAS COM CARREGADEIRA, TRAÇÃO 4X4, POTÊNCIA LÍQ. 88 HP, CAÇAMBA CARREG. CAP. MÍN. 1 M3, CAÇAMBA RETRO CAP. 0,26 M3, PESO OPERACIONAL MÍN. 6.674 KG, PROFUNDIDADE ESCAVAÇÃO MÁX. 4,37 M - CHP DIURNO. AF_06/2014 | C20: CHP | D20: 0.0172 | E20: 161.24 | F20: 0 | G20: =E20+F20 -> 161.24 | H20: =E20*D20 -> 2.773328 | I20: =F20*D20 -> 0 | J20: =G20*D20 -> 2.773328
A21: 4718 | B21: PEDRA BRITADA N. 2 (19 A 38 MM) POSTO PEDREIRA/FORNECEDOR, SEM FRETE | C21: M3 | D21: 0.4314 | E21: 65.43 | F21: 0 | G21: =E21+F21 -> 65.43 | H21: =E21*D21 -> 28.226502 | I21: =F21*D21 -> 0 | J21: =G21*D21 -> 28.226502
A22: 4021 | B22: GEOTEXTIL NAO TECIDO AGULHADO DE FILAMENTOS CONTINUOS 100% POLIESTER, RESITENCIA A TRACAO = 14 KN/M | C22: M2 | D22: 3.1105 | E22: 10.65 | F22: 0 | G22: =E22+F22 -> 10.65 | H22: =E22*D22 -> 33.126825 | I22: =F22*D22 -> 0 | J22: =G22*D22 -> 33.126825
A23: 3670 | B23: JUNCAO SIMPLES, PVC, 45 GRAUS, DN 100 X 100 MM, SERIE NORMAL PARA ESGOTO PREDIAL | C23: UN | D23: 0.1071 | E23: 23.16 | F23: 0 | G23: =E23+F23 -> 23.16 | H23: =E23*D23 -> 2.480436 | I23: =F23*D23 -> 0 | J23: =G23*D23 -> 2.480436
G24: Total | H24: =SUM(H15:H23) -> 88.503499 | I24: =SUM(I15:I23) -> 6.417251 | J24: =SUM(J15:J23) -> 94.92075
A26: COMP.02 | B26: DRENO ESPINHA DE PEIXE (SEÇÃO 0,50 X 0,80 M), COM TUBO DE PEAD CORRUGADO PERFURADO, DN 160 MM, ENCHIMENTO COM BRITA, ENVOLVIDO COM MANTA GEOTÊXTIL, INCLUSIVE CONEXÕES. AF_07/2021 | C26: M
A27: CÓDIGO | B27: ITEM | C27: UN | D27: QNT. | E27: MAT. + EQUIP. | F27: MÃO DE OBRA | G27: VALOR UNITÁRIO | H27: MAT. + EQUIP. | I27: MÃO DE OBRA | J27: VALOR TOTAL
A28: 90106 | B28: ESCAVAÇÃO MECANIZADA DE VALA COM PROFUNDIDADE ATÉ 1,5 M (MÉDIA MONTANTE E JUSANTE/UMA COMPOSIÇÃO POR TRECHO), RETROESCAV. (0,26 M3), LARGURA DE 0,8 M A 1,5 M, EM SOLO DE 1A CATEGORIA, LOCAIS COM BAIXO NÍVEL DE INTERFERÊNCIA. AF_09/2024 | C28: M3 | D28: 0.4 | E28: 5.82 | F28: 2.84 | G28: =E28+F28 -> 8.66 | H28: =E28*D28 -> 2.328 | I28: =F28*D28 -> 1.136 | J28: =G28*D28 -> 3.464
A29: 88316 | B29: SERVENTE COM ENCARGOS COMPLEMENTARES | C29: H | D29: 0.2332 | E29: 7.23 | F29: 15.36 | G29: =E29+F29 -> 22.59 | H29: =E29*D29 -> 1.686036 | I29: =F29*D29 -> 3.581952 | J29: =G29*D29 -> 5.267988
A30: 88309 | B30: PEDREIRO COM ENCARGOS COMPLEMENTARES | C30: H | D30: 0.0777 | E30: 7.34 | F30: 21.87 | G30: =E30+F30 -> 29.21 | H30: =E30*D30 -> 0.570318 | I30: =F30*D30 -> 1.699299 | J30: =G30*D30 -> 2.269617
A31: 38053 | B31: TUBO DRENO, CORRUGADO, ESPIRALADO, FLEXIVEL, PERFURADO, EM POLIETILENO DE ALTA DENSIDADE (PEAD), DN *160* MM, (6") PARA DRENAGEM - EM BARRA (NORMA DNIT 093/2006 - EM) | C31: M | D31: 1.003 | E31: 24.21 | F31: 0 | G31: =E31+F31 -> 24.21 | H31: =E31*D31 -> 24.28263 | I31: =F31*D31 -> 0 | J31: =G31*D31 -> 24.28263
A32: 5679 | B32: RETROESCAVADEIRA SOBRE RODAS COM CARREGADEIRA, TRAÇÃO 4X4, POTÊNCIA LÍQ. 88 HP, CAÇAMBA CARREG. CAP. MÍN. 1 M3, CAÇAMBA RETRO CAP. 0,26 M3, PESO OPERACIONAL MÍN. 6.674 KG, PROFUNDIDADE ESCAVAÇÃO MÁX. 4,37 M - CHI DIURNO. AF_06/2014 | C32: CHI | D32: 0.1383 | E32: 40.18 | F32: 0 | G32: =E32+F32 -> 40.18 | H32: =E32*D32 -> 5.556894 | I32: =F32*D32 -> 0 | J32: =G32*D32 -> 5.556894
A33: 5678 | B33: RETROESCAVADEIRA SOBRE RODAS COM CARREGADEIRA, TRAÇÃO 4X4, POTÊNCIA LÍQ. 88 HP, CAÇAMBA CARREG. CAP. MÍN. 1 M3, CAÇAMBA RETRO CAP. 0,26 M3, PESO OPERACIONAL MÍN. 6.674 KG, PROFUNDIDADE ESCAVAÇÃO MÁX. 4,37 M - CHP DIURNO. AF_06/2014 | C33: CHP | D33: 0.0172 | E33: 161.24 | F33: 0 | G33: =E33+F33 -> 161.24 | H33: =E33*D33 -> 2.773328 | I33: =F33*D33 -> 0 | J33: =G33*D33 -> 2.773328
A34: 4718 | B34: PEDRA BRITADA N. 2 (19 A 38 MM) POSTO PEDREIRA/FORNECEDOR, SEM FRETE | C34: M3 | D34: 0.4314 | E34: 65.43 | F34: 0 | G34: =E34+F34 -> 65.43 | H34: =E34*D34 -> 28.226502 | I34: =F34*D34 -> 0 | J34: =G34*D34 -> 28.226502
A35: 4021 | B35: GEOTEXTIL NAO TECIDO AGULHADO DE FILAMENTOS CONTINUOS 100% POLIESTER, RESITENCIA A TRACAO = 14 KN/M | C35: M2 | D35: 3.1105 | E35: 10.65 | F35: 0 | G35: =E35+F35 -> 10.65 | H35: =E35*D35 -> 33.126825 | I35: =F35*D35 -> 0 | J35: =G35*D35 -> 33.126825
A36: 3670 | B36: JUNCAO SIMPLES, PVC, 45 GRAUS, DN 100 X 100 MM, SERIE NORMAL PARA ESGOTO PREDIAL | C36: UN | D36: 0.1071 | E36: 23.16 | F36: 0 | G36: =E36+F36 -> 23.16 | H36: =E36*D36 -> 2.480436 | I36: =F36*D36 -> 0 | J36: =G36*D36 -> 2.480436
G37: Total | H37: =SUM(H28:H36) -> 101.03097 | I37: =SUM(I28:I36) -> 6.417251 | J37: =SUM(J28:J36) -> 107.44822
A39: COMP.03 | B39: FECHAMENTO SUPERIOR COM TELA DE NYLON, FIO 30-36 (3,6mm), MALHA 10X10CM | C39: M²
A40: CÓDIGO | B40: ITEM | C40: UN | D40: QNT. | E40: MAT. + EQUIP. | F40: MÃO DE OBRA | G40: VALOR UNITÁRIO | J40: VALOR TOTAL
A41: 02758/ORSE | B41: TELA DE NYLON, FIO 30-36 (3,6mm), MALHA 10X10CM | C41: M2 | D41: 1 | E41: 14.98 | F41: 0 | G41: =E41+F41 -> 14.98 | H41: =E41*D41 -> 14.98 | I41: =F41*D41 -> 0 | J41: =G41*D41 -> 14.98
A42: 43130 | B42: ARAME GALVANIZADO 12 BWG, D = 2,76 MM (0,048 KG/M) OU 14 BWG, D = 2,11 MM (0,026 KG/M) | C42: KG | D42: 0.05 | E42: 26.45 | F42: 0 | G42: =E42+F42 -> 26.45 | H42: =E42*D42 -> 1.3225 | I42: =F42*D42 -> 0 | J42: =G42*D42 -> 1.3225
A43: 10527 | B43: LOCACAO DE ANDAIME METALICO TUBULAR DE ENCAIXE, TIPO DE TORRE, CADA PAINEL COM LARGURA DE 1 ATE 1,5 M E ALTURA DE *1,00* M, INCLUINDO DIAGONAL, BARRAS DE LIGACAO, SAPATAS OU RODIZIOS E DEMAIS ITENS NECESSARIOS A MONTAGEM (NAO INCLUI INSTALACAO) | C43: MXMÊS | D43: 0.5 | E43: 28 | F43: 0 | G43: =E43+F43 -> 28 | H43: =E43*D43 -> 14 | I43: =F43*D43 -> 0 | J43: =G43*D43 -> 14
A44: 88309 | B44: PEDREIRO COM ENCARGOS COMPLEMENTARES | C44: H | D44: 0.28 | E44: 7.34 | F44: 21.87 | G44: =E44+F44 -> 29.21 | H44: =E44*D44 -> 2.0552 | I44: =F44*D44 -> 6.1236 | J44: =G44*D44 -> 8.1788
A45: 88316 | B45: SERVENTE COM ENCARGOS COMPLEMENTARES | C45: H | D45: 0.17 | E45: 7.23 | F45: 15.36 | G45: =E45+F45 -> 22.59 | H45: =E45*D45 -> 1.2291 | I45: =F45*D45 -> 2.6112 | J45: =G45*D45 -> 3.8403
G46: Total | H46: =SUM(H41:H45) -> 33.5868 | I46: =SUM(I41:I45) -> 8.7348 | J46: =SUM(J41:J45) -> 42.3216

Sheet CRONOGRAMA - OBRA
D3: UNIVERSIDADE ESTADUAL DO NORTE DO PARANÁ
D4: CNPJ: 08.885.100/0001-54
D5: OBRA : QUADRA ESPORTIVA DE AREIA DO CLM
D6: Local: CAMPUS DE LUIZ MENEGHEL
D7: Data do orçamento: MAIO DE 2025
D8: SINAPI_Custo_Ref_Composicoes_Analitico_PR_202503_Desonerado
D9: RESP. TÉCNICO: LETICIA SACOMAN SAMPAIO ARQUITETA E URBANISTA CAU A132694-5
A11: CRONOGRAMA FÍSICO- FINANCEIRO
B12: SERVIÇO/LOCAL | E12: MÊS 1 | G12: MÊS 2 | I12: MÊS 3
C13: Valores | D13: % | E13: % | F13: R$ | G13: % | H13: R$ | I13: % | J13: R$
A14: 1 | B14: =VLOOKUP(A14, 'ORÇAMENTO - OBRA'!$A$11:$M$248, 2, FALSE) -> ADMINISTRAÇÃO DA OBRA | C14: =VLOOKUP(A14,'ORÇAMENTO - OBRA'!$A$2:$M$1066,13,FALSE()) -> 8515.8257 | D14: =C14/$C$25 -> 0.022823477 | E14: 0.33 | F14: =E14*C14 -> 2810.2225 | G14: 0.33 | H14: =G14*C14 -> 2810.2225 | I14: 0.34 | J14: =I14*C14 -> 2895.3807 | K14: =E14+G14+I14 -> 1
A15: 2 | B15: =VLOOKUP(A15, 'ORÇAMENTO - OBRA'!$A$11:$M$248, 2, FALSE) -> CANTEIRO DE OBRAS | C15: =VLOOKUP(A15,'ORÇAMENTO - OBRA'!$A$2:$M$1066,13,FALSE()) -> 8098.8515 | D15: =C15/$C$25 -> 0.021705934 | E15: 1 | F15: =E15*C15 -> 8098.8515 | G15: 0 | H15: =G15*C15 -> 0 | I15: 0 | J15: =I15*C15 -> 0 | K15: =E15+G15+I15 -> 1
A16: 3 | B16: =VLOOKUP(A16, 'ORÇAMENTO - OBRA'!$A$11:$M$248, 2, FALSE) -> SERVIÇOS PRELIMINIARES | C16: =VLOOKUP(A16,'ORÇAMENTO - OBRA'!$A$2:$M$1066,13,FALSE()) -> 10727.104 | D16: =C16/$C$25 -> 0.02874998 | E16: 1 | F16: =E16*C16 -> 10727.104 | G16: 0 | H16: =G16*C16 -> 0 | I16: 0 | J16: =I16*C16 -> 0 | K16: =E16+G16+I16 -> 1
A17: 4 | B17: =VLOOKUP(A17, 'ORÇAMENTO - OBRA'!$A$11:$M$248, 2, FALSE) -> DRENAGEM | C17: =VLOOKUP(A17,'ORÇAMENTO - OBRA'!$A$2:$M$1066,13,FALSE()) -> 27327.662 | D17: =C17/$C$25 -> 0.07324155 | E17: 0.8 | F17: =E17*C17 -> 21862.13 | G17: 0.2 | H17: =G17*C17 -> 5465.5324 | I17: 0 | J17: =I17*C17 -> 0 | K17: =E17+G17+I17 -> 1
A18: 5 | B18: =VLOOKUP(A18, 'ORÇAMENTO - OBRA'!$A$11:$M$248, 2, FALSE) -> FUNDAÇÕES E MURETA DE CONTENÇÃO | C18: =VLOOKUP(A18,'ORÇAMENTO - OBRA'!$A$2:$M$1066,13,FALSE()) -> 57505.191 | D18: =C18/$C$25 -> 0.1541211 | E18: 0.8 | F18: =E18*C18 -> 46004.153 | G18: 0.2 | H18: =G18*C18 -> 11501.038 | I18: 0 | J18: =I18*C18 -> 0 | K18: =E18+G18+I18 -> 1
A19: 6 | B19: =VLOOKUP(A19, 'ORÇAMENTO - OBRA'!$A$11:$M$248, 2, FALSE) -> QUADRA DE AREIA | C19: =VLOOKUP(A19,'ORÇAMENTO - OBRA'!$A$2:$M$1066,13,FALSE()) -> 46707.404 | D19: =C19/$C$25 -> 0.12518168 | E19: 0 | F19: =E19*C19 -> 0 | G19: 0.8 | H19: =G19*C19 -> 37365.924 | I19: 0.2 | J19: =I19*C19 -> 9341.4809 | K19: =E19+G19+I19 -> 1
A20: 7 | B20: =VLOOKUP(A20, 'ORÇAMENTO - OBRA'!$A$11:$M$248, 2, FALSE) -> FECHAMENTO DA QUADRA | C20: =VLOOKUP(A20,'ORÇAMENTO - OBRA'!$A$2:$M$1066,13,FALSE()) -> 137376.23 | D20: =C20/$C$25 -> 0.36818548 | E20: 0.3 | F20: =E20*C20 -> 41212.87 | G20: 0.6 | H20: =G20*C20 -> 82425.741 | I20: 0.1 | J20: =I20*C20 -> 13737.623 | K20: =E20+G20+I20 -> 1
A21: 8 | B21: =VLOOKUP(A21, 'ORÇAMENTO - OBRA'!$A$11:$M$248, 2, FALSE) -> INSTALAÇÕES ELÉTRICAS | C21: =VLOOKUP(A21,'ORÇAMENTO - OBRA'!$A$2:$M$1066,13,FALSE()) -> 31519.921 | D21: =C21/$C$25 -> 0.084477328 | E21: 0.3 | F21: =E21*C21 -> 9455.9763 | G21: 0.5 | H21: =G21*C21 -> 15759.96 | I21: 0.2 | J21: =I21*C21 -> 6303.9842 | K21: =E21+G21+I21 -> 1
A22: 9 | B22: =VLOOKUP(A22, 'ORÇAMENTO - OBRA'!$A$11:$M$248, 2, FALSE) -> ÁREA EXTERNA - CALÇADA/RAMPA | C22: =VLOOKUP(A22,'ORÇAMENTO - OBRA'!$A$2:$M$1066,13,FALSE()) -> 40831.183 | D22: =C22/$C$25 -> 0.10943267 | E22: 0 | F22: =E22*C22 -> 0 | G22: 0.5 | H22: =G22*C22 -> 20415.591 | I22: 0.5 | J22: =I22*C22 -> 20415.591 | K22: =E22+G22+I22 -> 1
A23: 10 | B23: =VLOOKUP(A23, 'ORÇAMENTO - OBRA'!$A$11:$M$248, 2, FALSE) -> ACESSÓRIOS ESPORTIVOS | C23: =VLOOKUP(A23,'ORÇAMENTO - OBRA'!$A$2:$M$1066,13,FALSE()) -> 2720.1183 | D23: =C23/$C$25 -> 0.0072902569 | E23: 0 | F23: =E23*C23 -> 0 | G23: 0 | H23: =G23*C23 -> 0 | I23: 1 | J23: =I23*C23 -> 2720.1183
A24: 11 | B24: =VLOOKUP(A24, 'ORÇAMENTO - OBRA'!$A$11:$M$248, 2, FALSE) -> FINALIZAÇÕES | C24: =VLOOKUP(A24,'ORÇAMENTO - OBRA'!$A$2:$M$1066,13,FALSE()) -> 1787.431 | D24: =C24/$C$25 -> 0.0047905386 | E24: 0 | F24: =E24*C24 -> 0 | G24: 0 | H24: =G24*C24 -> 0 | I24: 1 | J24: =I24*C24 -> 1787.431
B25: TOTAL | C25: =SUM(C14:C24) -> 373116.93 | D25: =C25/$C$25 -> 1
D27: R$ parcial (valor período) | E27: =SUM(F14:F24) -> 140171.31 | G27: =SUM(H14:H24) -> 175744.01 | I27: =SUM(J14:J24) -> 57201.61
D28: %_parcial (período) | E28: =SUM(E27/$C$25) -> 0.37567662 | G28: =SUM(G27/$C$25) -> 0.47101591 | I28: =SUM(I27/$C$25) -> 0.15330746
D29: R$_ acumulado | E29: =E27 -> 140171.31 | G29: =E29+G27 -> 315915.32 | I29: =I27+G29 -> 373116.93
D30: %_acumulado | E30: =E28 -> 0.37567662 | G30: =E30+G28 -> 0.84669254 | I30: =I28+G30 -> 1

Sheet BDI
E3: UNIVERSIDADE ESTADUAL DO NORTE DO PARANÁ
E4: CNPJ: 08.885.100/0001-54
E5: OBRA : QUADRA ESPORTIVA DE AREIA DO CLM
E6: Local: CAMPUS DE LUIZ MENEGHEL
E7: Data do orçamento: MAIO DE 2025
E8: SINAPI_Custo_Ref_Composicoes_Analitico_PR_202503_Desonerado
E9: RESP. TÉCNICO: LETICIA SACOMAN SAMPAIO ARQUITETA E URBANISTA CAU A132694-5
A11: COMPOSIÇÃO DO BDI
A12: CUSTO TOTAL DO SERVIÇO (R$)
A13: ITEM | B13: DISCRIMINAÇÃO | E13: VALOR | F13: TAXA (%) | G13: OBSERVAÇÃO | H13: SITUAÇÃO DO INTERVALO ADMISSÍVEL | I13: PARCELAS DO BDI (%)
I14: 1 QUARTIL | J14: MÉDIO | K14: 3 QUARTIL
A15: 1 | B15: AC – ADMINISTRAÇÃO CENTRAL | F15: 0.03 | H15: OK | I15: 0.03 | J15: 0.04 | K15: 0.055
A16: 2 | B16: SG – SEGUROS + GARANTIA | F16: 0.008 | H16: OK | I16: 0.008 | J16: 0.008 | K16: 0.01
A17: 3 | B17: R – RISCOS | F17: 0.0097 | H17: OK | I17: 0.0097 | J17: 0.0127 | K17: 0.0127
A18: 4 | B18: DF – DESPESAS FINANCEIRAS | F18: 0.0059 | H18: OK | I18: 0.0059 | J18: 0.0123 | K18: 0.0139
A19: 5 | B19: L – LUCRO BRUTO | F19: 0.06245 | H19: OK | I19: 0.0616 | J19: 0.074 | K19: 0.0896
A20: 6 | B20: I – IMPOSTOS | F20: =SUM(F21:F24) -> 0.1115 | G20: FÓRMULA DO BDI DE ACORDO COM ACÓRDÃO 2.369/2011-TCU- PLENÁRIO
A21: 43836 | B21: PIS | F21: 0.0065
A22: 43867 | B22: COFINS | F22: 0.03
A23: 43896 | B23: ISS (CONFORME LEGISLAÇÃO MUNICIPAL) | F23: 0.03
A24: 43927 | B24: CONTRIB. PREVIDÊNCIA SOBRE RECEITA BRUTA – CPRB | F24: 0.045
A26: TOTAL DO BDI (R$)
A27: PREÇO DE VENDA (R$) | G27: ONDE:
A28: BDI (%) | F28: =(((1+(F15+F16+F17))*(1+F18)*(1+F19))/(1-F20))-1 -> 0.26020971 | G28: AC : TAXA DE ADMINISTRAÇÃO CENTRAL
G29: S: TAXA DE SEGURO
G30: G: TAXA DE GARANTIAS
G31: R: TAXA DE RISCOS
G32: DF: TAXA DE DESPESAS
G33: L: TAXA DE LUCRO
G34: I: TAXA DE INCIDÊNCIA DE IMPOSTOS (PIS, COFINS, ISS, CPRB)
A38: COMPOSIÇÃO DO BDI REDUZIDO
A39: CUSTO TOTAL DO SERVIÇO (R$)
A40: ITEM | B40: DISCRIMINAÇÃO | E40: VALOR | F40: TAXA (%) | G40: OBSERVAÇÃO | H40: SITUAÇÃO DO INTERVALO ADMISSÍVEL | I40: PARCELAS DO BDI (%)
I41: 1 QUARTIL | J41: MÉDIO | K41: 3 QUARTIL
A42: 1 | B42: AC – ADMINISTRAÇÃO CENTRAL | F42: 0.015 | H42: =IF(AND(F42>=I42,F42<=K42),"OK","DIFERE") -> OK | I42: 0.015 | J42: 0.0345 | K42: 0.0449
A43: 2 | B43: SG – SEGUROS + GARANTIA | F43: 0.003 | H43: =IF(AND(F43>=I43,F43<=K43),"OK","DIFERE") -> OK | I43: 0.003 | J43: 0.0048 | K43: 0.0082
A44: 3 | B44: R – RISCOS | F44: 0.0056 | H44: =IF(AND(F44>=I44,F44<=K44),"OK","DIFERE") -> OK | I44: 0.0056 | J44: 0.0085 | K44: 0.0089
A45: 4 | B45: DF – DESPESAS FINANCEIRAS | F45: 0.0085 | H45: =IF(AND(F45>=I45,F45<=K45),"OK","DIFERE") -> OK | I45: 0.0085 | J45: 0.0085 | K45: 0.0111
A46: 5 | B46: L – LUCRO BRUTO | F46: 0.0352 | H46: =IF(AND(F46>=I46,F46<=K46),"OK","DIFERE") -> OK | I46: 0.035 | J46: 0.0511 | K46: 0.0622
A47: 6 | B47: I – IMPOSTOS | F47: =SUM(F48:F51) -> 0.0815 | G47: FÓRMULA DO BDI DE ACORDO COM ACÓRDÃO 2.369/2011-TCU- PLENÁRIO
A48: 43836 | B48: PIS | F48: 0.0065
A49: 43867 | B49: COFINS | F49: 0.03
A50: 43896 | B50: ISS (CONFORME LEGISLAÇÃO MUNICIPAL) | F50: 0
A51: 43927 | B51: CONTRIB. PREVIDÊNCIA SOBRE RECEITA BRUTA – CPRB | F51: 0.045
A53: TOTAL DO BDI (R$)
A54: PREÇO DE VENDA (R$) | G54: ONDE:
A55: BDI (%) | F55: =(((1+(F42+F43+F44))*(1+F45)*(1+F46))/(1-F47))-1 -> 0.16345953 | G55: AC : TAXA DE ADMINISTRAÇÃO CENTRAL
G56: S: TAXA DE SEGURO
A57: Parâmetros do Acórdão 2.622/2013 - Plenário | G57: G: TAXA DE GARANTIAS
A58: Sem CPRB | B58: 0.111 | C58: 0.1402 | D58: 0.168 | G58: R: TAXA DE RISCOS
A59: Com CPRB | B59: 0.1634 | C59: 0.1939 | D59: 0.223 | G59: DF: TAXA DE DESPESAS
G60: L: TAXA DE LUCRO
G61: I: TAXA DE INCIDÊNCIA DE IMPOSTOS (PIS, COFINS, ISS, CPRB)
A62: OBS: Para o BDI reduzido, considerou-se nulo o ISS e uma parcela reduzida para administração central e lucro para remunerar os custos inerentes às aquisições e armazenamento por parte da empresa contratada, por isso o valor da taxa de BDI é menor do que a que foi adotada para o restante do orçamento da obra.
